 Dungeon Crawl Stone Soup version bcrawl-1.27.1d (webtiles) character file.

Game seed: 3917278654550618029

102113 Freyura the Cudgeler (level 3, -1/30 HPs)
             Began as a Sand Dwarf Skald on July 17, 2020.
             Slain by a hobgoblin (5 damage)
             ... on level 2 of the Dungeon.
             The game lasted 00:02:43 (944 turns).

Freyura the Cudgeler (Sand Dwarf Skald)              Turns: 944, Time: 00:02:44

Health: -1/30      AC:  4    Str: 15    XL:     3   Next: 2%
Magic:  14/15      EV: 13    Int: 13    God:
Gold:   0          SH:  0    Dex: 11    Spells: 5/6 levels left

rFire    . . .     SeeInvis .   a - +0 mace
rCold    . . .     Gourm    .   (shield restricted)
rNeg     . . .     Faith    .   b - +0 leather armour
rPois    .         Spirit   .   l - +0 helmet
rElec    .         Reflect  .   (no cloak)
rCorr    .         Harm     .   (no gloves)
MR       .....                  (no boots)
Stlth    +.........             (no amulet)
HPRegen  0.10/turn              h - ring of magical power
MPRegen  0.14/turn              (no ring)

@: infused, slow
A: small, slowness 1, armour attunement
a: no special abilities


You were on level 2 of the Dungeon.
You were hungry.

You visited 1 branch of the dungeon, and saw 2 of its levels.

Inventory:

Hand Weapons
 a - a +0 mace (weapon)
Armour
 b - a +0 leather armour (worn)
 l - a +0 helmet (worn)
Jewellery
 h - a ring of magical power (left hand)
Scrolls
 d - a scroll of fear
 f - 3 scrolls of remove curse {unknown}
 i - a scroll of teleportation {unknown}
 k - a scroll of identify
Potions
 c - a potion of cancellation {unknown}
 g - a potion of curing {unknown}
 j - a potion of flight {unknown}
Comestibles
 e - 4 rations {!d}


   Skills:
 + Level 2.6 Fighting
 * Level 3.8 Maces & Flails
 + Level 1.8 Armour
 - Level 1.5 Dodging
 + Level 2.2 Spellcasting
 + Level 3.2 Charms


You had 5 spell levels left.
You knew the following spells:

 Your Spells              Type           Power        Failure   Level  Hunger
a - Infusion              Chrm           #.......     7%          1    None

Your spell library contained the following spells:

 Spells                   Type           Power        Failure   Level  Hunger
 Song of Slaying          Chrm           #.......     10%         2    ##.....
 Ozocubu's Armour         Chrm/Ice       #.......     36%         3    ####...
 Regeneration             Chrm/Necr      #.........   36%         3    ####...
 Spectral Weapon          Hex/Chrm       #.......     36%         3    ####...


Dungeon Overview and Level Annotations

Branches:
Dungeon (2/12)

Altars:
Nemelex Xobeh


Innate Abilities, Weirdness & Mutations

You are small and have problems with some larger weapons.
You cover ground slowly.
Armour does not affect your spellcasting.


Message History

You hit the gnoll shaman but do no damage.
The gnoll shaman is moderately wounded.
The hobgoblin misses you. The gnoll shaman barely misses you.
Sorry, you're not good enough to have a special ability.
Casting: Infusion (safe; 7% risk of failure)
Confirm with . or Enter, or press ? or * to list all spells.
You begin infusing your attacks with magical energy.
The hobgoblin closely misses you. The gnoll shaman barely misses you.
The worm misses you.
Casting: Infusion (safe; 7% risk of failure)
Confirm with . or Enter, or press ? or * to list all spells.
You don't know that spell.
You closely miss the gnoll shaman.
The gnoll shaman is moderately wounded.
The hobgoblin hits you.
* * * LOW HITPOINT WARNING * * *
The gnoll shaman hits you with a +0 club.
* * * LOW HITPOINT WARNING * * *
The hobgoblin hits you.
You die...

#........#....#
.###.............#
#....$.......#....# #
...#........#..... #?
#....##.......#... #..
#....##.#...###...
#).##$... #.#.........
..###.g..####...........
.....Kg@................
......w#........#.......
................#...#...
...###..........#...#...
...........#........#...
. .###..................
#.#............####
#.#............####
..#.###.######....#


You could see a gnoll shaman, a worm, a hobgoblin and a kobold.

Vanquished Creatures
  2 dart slugs
  A worm (D:2)
  A ball python (D:1)
  4 bats
  2 giant cockroaches (D:1)
  A goblin (D:1)
  5 kobolds
  A frilled lizard (D:1)
  2 rats (D:1)
19 creatures vanquished.

Notes
Turn   | Place    | Note
-------+----------+-------------------------------------------
     0 | D:1      | Freyura the Sand Dwarf Skald began the quest for the Orb.
     0 | D:1      | Reached XP level 1. HP: 18/18 MP: 3/3
   344 | D:1      | Reached XP level 2. HP: 16/25 MP: 5/5
   446 | D:1      | Found a sparkling altar of Nemelex Xobeh.
   928 | D:2      | Reached XP level 3. HP: 19/30 MP: 6/6
   944 | D:2      | Slain by a hobgoblin

Action                   || total
-------------------------++-------
Melee: Mace              ||    80
 Cast: Infusion          ||     1
  Eat: Chunk             ||     2
Armor: Leather armour    ||    21
Dodge: Dodged            ||    73
